 Dungeon Crawl Stone Soup version 0.26.1-11-gd32895ea62 (webtiles) character file.

Game seed: 6925020205025926751

3383 nightchill the Spear-Bearer (level 10, -1/74 (77) HPs)
             Began as a Merfolk Summoner on Apr 15, 2021.
             Was an Initiate of Gozag.
             Slain by a warg (11 damage)
             ... on level 8 of the Dungeon on Apr 16, 2021.
             The game lasted 00:31:15 (13989 turns).

nightchill the Spear-Bearer (Merfolk Summoner)     Turns: 13989, Time: 00:31:16

HP:   -1/74 (77)    AC: 11    Str: 12    XL:     10   Next: 4%
MP:   13/19         EV: 11    Int: 15    God:    Gozag
Gold: 667           SH:  0    Dex: 14    Spells: 15/21 levels left

rFire    + + .     SeeInvis .   y - +0 halberd
rCold    . . .     Faith    .   (shield currently unavailable)
rNeg     . . .     Spirit   .   n - +0 ring mail {rF+}
rPois    .         Reflect  .   (no helmet)
rElec    .         Harm     .   (no cloak)
rCorr    .         Rampage  .   e - +1 pair of gloves
Will     .....                  (no boots)
Stlth    +.........             (no amulet)
HPRegen  0.22/turn              t - ring of protection from fire
MPRegen  0.16/turn              j - +4 ring of protection

@: lightly drained
A: change form in water, swift swim, stealthy swim
a: Renounce Religion, Potion Petition, Call Merchant, Bribe Branch


You were on level 8 of the Dungeon.
You worshipped Gozag.
Gozag was pleased with you.
You visited 2 branches of the dungeon, and saw 10 of its levels.

You collected 954 gold pieces.
You paid 287 gold pieces to Gozag.

Inventory:

Hand Weapons
 r - a +0 trident
 y - a +0 halberd (weapon)
Missiles
 s - 7 boomerangs of dispersal
 B - 8 atropa-tipped darts
 H - 8 curare-tipped darts
Armour
 b - a +0 buckler
 e - a +1 pair of gloves (worn)
 n - a +0 ring mail of fire resistance (worn)
 o - the +2 robe "Xorein" {Str+4 Int+6 Dex-5, unknown}
   (You found it on level 8 of the Dungeon)

   It affects your strength (+4).
   It affects your intelligence (+6).
   It affects your dexterity (-5).
Jewellery
 i - an uncursed amulet of magic regeneration {unknown}
 j - a +4 ring of protection (right hand)
 k - an uncursed ring of flight
 t - a ring of protection from fire (left hand)
 w - a cursed amulet of inaccuracy {unknown}
Wands
 q - a wand of flame (7)
 v - a wand of iceblast (11)
 x - a wand of paralysis (8)
 D - a wand of enslavement (4)
Scrolls
 c - a scroll of enchant weapon {unknown}
 d - 2 scrolls of enchant armour
 f - a scroll of amnesia {unknown}
 g - a scroll of immolation {unknown}
 h - 2 scrolls of remove curse
 m - 2 scrolls of teleportation
 A - a scroll of fear {unknown}
 E - a scroll of brand weapon {unknown}
 F - 2 scrolls of identify
Potions
 a - a potion of magic
 l - a potion of curing
 p - a potion of mutation
 u - a potion of haste
 z - a potion of resistance {unknown}
 C - a potion of degeneration {unknown}
 G - a potion of brilliance {unknown}


   Skills:
 + Level 6.6 Fighting
 * Level 11.9 Polearms
 - Level 2.6 Dodging
 - Level 2.1 Stealth
 + Level 6.0 Spellcasting
 + Level 7.6 Summonings


You had 15 spell levels left.
You knew the following spells:

 Your Spells              Type           Power        Failure   Level
a - Summon Small Mammal   Summ           100%         1%          1
b - Call Imp              Summ           27%          2%          2
c - Call Canine Familiar  Summ           27%          4%          3

Your spell library contained the following spells:

 Spells                   Type           Power        Failure   Level
 Summon Guardian Golem    Hex/Summ       15%          22%         3
 Summon Ice Beast         Ice/Summ       15%          56%         4
 Summon Lightning Spire   Summ/Air       15%          56%         4


Dungeon Overview and Level Annotations

Branches:
Dungeon (9/15)             Temple (1/1) D:5            Lair (0/6) D:9
    Orc: D:9-12

Altars:
Ashenzari
Cheibriados
Dithmenos
Elyvilon
Fedhas
Gozag
Hepliaklqana
Kikubaaqudgha
Makhleb
Nemelex Xobeh
Okawaru
Qazlal
Ru
Sif Muna
Trog
Uskayaw
Vehumet
Wu Jian
Xom
Yredelemnul
Zin
The Shining One

Shops:
D:9 [

Annotations:
D:1 exclusion: downstairs
D:2 1 runed translucent door, exclusion: downstairs, Crazy Yiuf
D:3 exclusion: door
D:4 exclusion: door
D:6 exclusion: downstairs
D:8 exclusion: downstairs


Message History

The warg bites you!
* * * LOW HITPOINT WARNING * * *
Your crimson imp hits the orc priest.
The orc priest hits your crimson imp with a +0 mace.
The warg completely misses you.
You climb upwards.
Level annotation: exclusion: downstairs
There is a stone staircase leading down here.
Casting: Call Imp (safe; 2% risk of failure)
Confirm with . or Enter, or press ? or * to list all spells.
A beastly little devil appears in a puff of flame.
The warg barely misses you.
Your crimson imp completely misses the warg.
Your crimson imp closely misses the warg.
Casting: Call Imp (safe; 2% risk of failure)
Confirm with . or Enter, or press ? or * to list all spells.
A beastly little devil appears in a puff of flame.
The warg closely misses you. The warg bites you!
You die...
Your body crumbles into a pile of gold.

# ###..###.####..##.#.###..#
###....#.....##..#.....)..<#
(.##...#................##.#
♣.##.......<..#[.#...#####.# ####
..###>.............[## ##.###...
♣.###...............[####...#...#
..#..........##.>###......#......
###.##........55h# ######...#...#
.(..####.#######@# ##.....##
##### #.# #.# ####### #.# ### #.#
#.###.###.# #..5...##.#
#####.....# #######


You could see a warg and 2 friendly crimson imps.

Vanquished Creatures
  A warg (D:8)
  A water moccasin (Temple)
  2 ice beasts
  3 phantoms
  3 centaurs
  A necrophage (D:6)
  3 bullfrogs
  Blork the orc (D:6)
  2 scorpions
  3 killer bees (D:7)
  A howler monkey (D:4)
  A quasit (D:8)
  A gnoll shaman (D:4)
  6 hounds
  3 centaur skeletons
  3 orc priests
  A bullfrog skeleton (D:4)
  4 jellies
  5 orc wizards
  4 worker ants
  11 adders
  7 gnolls
  2 white imps
  An adder zombie (D:6)
  3 adder skeletons
  4 worms
  3 dart slugs
  3 leopard geckos
  32 orcs
  7 giant cockroaches
  6 goblins
  6 hobgoblins
  A jackal (D:1)
  4 quokkas
  5 bats
  4 frilled lizards
  5 kobolds
  3 rats
156 creatures vanquished.

Vanquished Creatures (collateral kills)
  A two-headed ogre (D:7)
  A sky beast (D:9)
  2 orc warriors
  An ogre (D:7)
  A bullfrog (D:8)
  A scorpion (D:5)
  A jelly (D:5)
  A hound (D:5)
  An orc priest (D:8)
  2 hound skeletons
  An adder (D:6)
  An ooze (D:6)
  4 orcs
  2 giant cockroaches
  2 goblins (D:1)
  2 jackals (D:1)
  A rat (D:1)
25 creatures vanquished.

Grand Total: 181 creatures vanquished

Notes
Turn   | Place    | Note
-------+----------+-------------------------------------------
     0 | D:1      | nightchill the Merfolk Summoner began the quest for the
                  | Orb.
     0 | D:1      | Reached XP level 1. HP: 13/13 MP: 3/3
   270 | D:1      | Reached XP level 2. HP: 20/20 MP: 3/5
   273 | D:1      | Learned a level 2 spell: Call Imp
   633 | D:1      | Reached skill level 1 in Fighting
   847 | D:1      | Reached XP level 3. HP: 26/26 MP: 6/6
  1182 | D:2      | Reached skill level 1 in Polearms
  1260 | D:2      | Found a blossoming altar of Fedhas.
  1344 | D:2      | Noticed an ogre
  1609 | D:2      | Found a runed translucent door.
  1610 | D:2      | Noticed Crazy Yiuf
  1689 | D:3      | Reached XP level 4. HP: 21/32 MP: 7/7
  1827 | D:3      | Reached skill level 2 in Polearms
  1941 | D:3      | Found a shimmering blue altar of Sif Muna.
  2491 | D:3      | Found a shimmering altar of Xom.
  2795 | D:3      | Reached XP level 5. HP: 25/38 MP: 9/9
  3144 | D:3      | Reached skill level 3 in Polearms
  4377 | D:4      | Reached skill level 5 in Summonings
  4378 | D:4      | Reached skill level 4 in Polearms
  4378 | D:4      | Reached XP level 6. HP: 28/46 MP: 10/10
  4931 | D:4      | Found a bloodstained altar of Trog.
  4947 | D:4      | Reached skill level 5 in Polearms
  4965 | D:4      | Found a radiant altar of Vehumet.
  5726 | D:4      | Reached XP level 7. HP: 9/52 MP: 12/12
  6151 | D:5      | Entered Level 5 of the Dungeon
  6540 | D:4      | Reached skill level 6 in Polearms
  7617 | D:5      | Found a staircase to the Ecumenical Temple.
  7654 | Temple   | Entered the Ecumenical Temple
  7662 | Temple   | Reached skill level 7 in Polearms
  7665 | Temple   | Reached XP level 8. HP: 12/60 MP: 10/14
  8091 | Temple   | Became a worshipper of Gozag Ym Sagoz the Greedy
  8468 | D:6      | Reached skill level 8 in Polearms
  8496 | D:6      | Found a blossoming altar of Fedhas.
  9026 | D:6      | Noticed Blork the orc
  9050 | D:6      | Killed Blork the orc
  9157 | D:6      | Found a hide-covered altar of Uskayaw.
  9176 | D:6      | Reached skill level 9 in Polearms
  9181 | D:6      | Reached skill level 5 in Fighting
  9444 | D:6      | Found a basalt altar of Yredelemnul.
  9446 | D:6      | Found a stormy altar of Qazlal.
  9446 | D:6      | Found an ancient bone altar of Kikubaaqudgha.
  9459 | D:6      | Found a sacrificial altar of Ru.
  9462 | D:6      | Found a glowing golden altar of the Shining One.
 10440 | D:7      | Reached XP level 9. HP: 68/68 MP: 16/16
 10467 | D:7      | Reached skill level 5 in Spellcasting
 10626 | D:7      | Reached skill level 10 in Polearms
 10721 | D:7      | Noticed a two-headed ogre
 10774 | D:7      | HP: 1/68 [two-headed ogre/+0 giant spiked club (24)]
 10777 | D:7      | Killed a two-headed ogre
 11205 | D:7      | Found a shadowy altar of Dithmenos.
 11695 | D:8      | Got a brightly glowing robe
 11904 | D:7      | Reached skill level 11 in Polearms
 12174 | D:8      | Found a stormy altar of Qazlal.
 12228 | D:8      | Learned a level 3 spell: Call Canine Familiar
 13042 | D:8      | Found a broken altar of Ashenzari.
 13127 | D:9      | Found a staircase to the Lair.
 13449 | D:9      | Found Haan's Antique Armour Emporium.
 13579 | D:9      | Reached XP level 10. HP: 68/77 MP: 14/18
 13976 | D:9      | HP: 3/74 [orc warrior/+2 mace of draining (2)]
 13989 | D:8      | Slain by a warg

Illustrated notes

Levels and vault maps discovered:
D:1:      enne_arrival_octagon_isle, layout_rooms, corexii_leaking_fountain
D:2:      layout_rooms, general_overflow_altar, uniq_crazy_yiuf_cottage
D:3:      layout_rooms, led_sif_book, lemuel_doored_altar
D:4:      layout_loops_ring, minitemple, hangedman_decor_diamond_cutter,
          minmay_joined_circles
D:5:      layout_rooms, temple_pool_b
D:6:      layout_basic, eat_drink_and_be_merry_uskayaw,
          minmay_overflow_temple_star_hex, serial_glass, glass_columns_b,
          glass_columns_c, fedhas_altar_1, uniq_blork_the_orc
D:7:      layout_loops_corners, grunt_dithmenos_smoke
D:8:      layout_loops_ring, kennysheep_little_box, grunt_qazlal_sundering
D:9:      layout_gridville, erik_lair_orcish_takeover, orc_0_dummy,
          serial_shops, shop, shop, nicolae_shop_behind_doors, shop_statue,
          hangedman_minor_magic, uniq_psyche
Temple:   jpeg_temple_island

Skill      XL: |  1  2  3  4  5  6  7  8  9 10 |
---------------+-------------------------------+-----
Fighting       | 1 2 3 4 5 6 |  6.6
Polearms       | 1 2 4 5 7 9 11 | 11.9
Spellcasting   | 3 4 5 6 |  6.0
Summonings     | 5 6 7 |  7.6
Dodging        | |  2.6
Stealth        | |  2.1

Action                   |  1- 3 |  4- 6 |  7- 9 | 10-12 || total
-------------------------+-------+-------+-------+-------++-------
Melee: Dagger            |    44 |       |       |       ||    44
       Unarmed           |     1 |       |       |       ||     1
       Spear             |    99 |   437 |   187 |       ||   723
       Tailslap          |       |       |     2 |       ||     2
       Trident           |       |       |    99 |       ||    99
       Halberd           |       |       |   234 |    21 ||   255
 Cast: Summon Small Mamm |     7 |       |     3 |       ||    10
       Call Imp          |     7 |     2 |    58 |     7 ||    74
       Call Canine Famil |       |       |    15 |     1 ||    16
Invok: Potion Petition   |       |       |     1 |       ||     1
  Use: Scroll            |       |     8 |     6 |       ||    14
       Potion            |       |     2 |    10 |     1 ||    13
 Stab: Sleeping          |       |     2 |     3 |       ||     5
       Distracted        |       |       |     4 |     1 ||     5
Armor: Robe              |    12 |       |       |       ||    12
       Scale mail        |    12 |       |       |       ||    12
       Ring mail         |     8 |   111 |   227 |    23 ||   369
Dodge: Dodged            |    83 |   188 |   256 |    18 ||   545
Block: Buckler           |       |     4 |    38 |       ||    42
